 Dungeon Crawl Stone Soup version 0.26-a0-540-g8a0c9464d7 (webtiles) character file.

Game seed: 1731762285521593642

54 Apogee the Chopper (level 3, 31/31 HPs)
             Began as a Minotaur Gladiator on Aug 18, 2020.
             Quit the game on level 1 of the Dungeon.
             The game lasted 00:02:04 (788 turns).

Apogee the Chopper (Minotaur Gladiator)              Turns: 788, Time: 00:02:05

Health: 31/31      AC:  6    Str: 19    XL:     3   Next: 66%
Magic:  2/2        EV: 12    Int:  1    God:
Gold:   32         SH:  0    Dex: 11    Spells: 2/2 levels left

rFire    . . .     SeeInvis .   a - +0 war axe
rCold    . . .     Faith    .   (no shield)
rNeg     + . .     Spirit   .   b - +0 leather armour
rPois    .         Reflect  .   c - +0 hat
rElec    .         Harm     .   e - +2 cloak
rCorr    .                      (no gloves)
MR       .....                  (no boots)
Stlth    +.........             (no amulet)
HPRegen  0.10/turn              h - -4 ring of intelligence (curse)
MPRegen  0.08/turn              g - ring of positive energy

@: no status effects
A: retaliatory headbutt, horns 2
a: no special abilities


You were on level 1 of the Dungeon.
You visited 1 branch of the dungeon, and saw 2 of its levels.

You collected 32 gold pieces.

Inventory:

Hand Weapons
 a - a +0 war axe (weapon)
Missiles
 d - 3 throwing nets (quivered) {!f}
Armour
 b - a +0 leather armour (worn)
 c - a +0 hat (worn)
 e - a +2 cloak (worn)
   (You found it on level 1 of the Dungeon)
Jewellery
 g - a ring of positive energy (right hand)
   (You found it on level 1 of the Dungeon)
 h - a cursed -4 ring of intelligence (left hand)
   (You found it on level 1 of the Dungeon)
Potions
 f - a potion of mutation {!q}


   Skills:
 + Level 3.2 Fighting
 * Level 4.7 Axes
 - Level 2.0 Throwing
 + Level 1.8 Armour
 - Level 3.2 Dodging


You had 2 spell levels left.
You didn't know any spells.
Your spell library was empty.

Dungeon Overview and Level Annotations

Branches:
Dungeon (2/15)

Altars:

Annotations:
D:2 Terence


Innate Abilities, Weirdness & Mutations

You reflexively headbutt those who attack you in melee.
You have a pair of horns on your head.


Message History

You headbutt the rat, but do no damage.
The ooze jiggles.
You see here a hobgoblin corpse.
You closely miss the rat. Your headbutt misses the rat. The rat misses you.
You furiously retaliate!
You headbutt the rat.
You kill the rat!
You slash the ooze! The ooze closely misses you. You furiously retaliate!
You headbutt the ooze, but do no damage.
You completely miss the ooze. The ooze barely misses you.
You slash the ooze!
You kill the ooze!
No target in view!
No target in view!
No target in view!
No target in view!
No target in view!
No target in view!
You see here a stone.
You see here a rat skeleton.
You see here a rat skeleton.
You see here a +0 club.
Done exploring.
Done exploring.
Done exploring.
Done exploring.
Done exploring.
No target in view!
No target in view!
No target in view!
No target in view!
No target in view!
No target in view!
No target in view!
No target in view!
No target in view!
No target in view!
No target in view!
No target in view!
No target in view!
No target in view!
No target in view!
No target in view!
No target in view!
Options error: Bad channel -- pray (~/.crawlrc:4440) Options error: Bad channel -- food (~/.crawlrc:4443) Welcome back, Apogee the Minotaur Gladiator.
Done exploring.
Done exploring.
Done exploring.
Done exploring.

........####...#####.#
..#.###.# #########.####
........## #.......#
.#.......##### #.##.##.#
....####.....# #)##....#
.#.#####.....# #.##.#..#
...##........# #.##....#
...##.##.....#
##.......#
......##.....#
#@......##
.........##### #.###...#
......#### #.##....#
#####># #.##....# #)#
#.##.##.# ###.#
######.......#
###...#####...#####)####
..............#####(#
####..#####.........#


There were no monsters in sight!

Vanquished Creatures
  Robin (D:2)
  An ooze (D:1)
  2 dart slugs (D:1)
  2 giant cockroaches (D:1)
  8 goblins
  4 hobgoblins
  6 kobolds (D:1)
  4 bats
  A frilled lizard (D:1)
  5 rats (D:1)
34 creatures vanquished.

Notes
Turn   | Place    | Note
-------+----------+-------------------------------------------
     0 | D:1      | Apogee the Minotaur Gladiator began the quest for the Orb.
     0 | D:1      | Reached XP level 1. HP: 18/18 MP: 0/0
    18 | D:1      | You fall into a shaft and drop 1 floor!
    18 | D:2      | Noticed Terence
    19 | D:2      | Noticed Robin
    29 | D:2      | Killed Robin
    29 | D:2      | Reached skill level 4 in Axes
    29 | D:2      | Reached skill level 1 in Armour
    29 | D:2      | Reached XP level 2. HP: 15/25 MP: 1/1
   259 | D:1      | Reached XP level 3. HP: 31/31 MP: 2/2
   788 | D:1      | Quit the game

Illustrated notes

Levels and vault maps discovered:
D:1:      minmay_arrival_four_houses, layout_loops_cross
D:2:      layout_loops_ring, grunt_temple_overflow_open, uniq_terence,
          uniq_crazy_yiuf_cottage, uniq_natasha, uniq_robin

Skill      XL: |  1  2 |
---------------+-------+-----
Axes           | 4 |  4.7
Armour         | 1 |  1.8
Fighting       | 3 |  3.2
Throwing       | |  2.0
Dodging        | |  3.2

Action                   || total
-------------------------++-------
Melee: War axe           ||    52
       Headbutt          ||     8
  Use: Scroll            ||     1
Armor: Leather armour    ||    17
Dodge: Dodged            ||    43

Table legend: (Time is in decaauts)
 A = Elapsed time spent in this place.
 B = Non-inter-level travel time spent in this place.
 C = Inter-level travel time spent in this place.
 D = Time resting spent in this place.
 E = Time spent auto-exploring this place.
 F = Levels seen in this place.
 G = Mean time per level.
                   A        B        C        D        E       F      G
               +--------+--------+--------+--------+--------+-----+--------+
         Total |    802 |    802 |      0 |      0 |    648 |   2 |  401.0 |
       Dungeon |    802 |    802 |      0 |      0 |    648 |   2 |  401.0 |
               +--------+--------+--------+--------+--------+-----+--------+

Top non-repeatable levels by time:
     D:1: 781 daAuts
     D:2: 20 daAuts
